 Dungeon Crawl Stone Soup version 0.18.1-48-g4cf74bf (webtiles) character file.

49 Scotteh the Chiller (level 3, -1/27 HPs)
             Began as a Demigod Ice Elementalist on July 18, 2016.
             Slain by a goblin (5 damage)
             ... led by Robin
             ... on level 3 of the Dungeon.
             The game lasted 00:06:29 (1552 turns).

Scotteh the Chiller (Demigod Ice Elementalist)      Turns: 1552, Time: 00:06:30

Health: -1/27      AC:  2    Str: 11    XL:     3   Next: 33%
Magic:  6/9        EV: 13    Int: 21    God:
Gold:   111        SH:  0    Dex: 16    Spells: 2 memorised, 3 levels left

rFire  . . .     SeeInvis .     i - +0 short sword
rCold  . . .     Gourm    .     a - +0 robe
rNeg   . . .     Faith    .     (no shield)
rPois  .         Spirit   .     (no helmet)
rElec  .         Dismiss  .     (no cloak)
rCorr  .         Reflect  .     (no gloves)
SustAt +         Harm     .     (no boots)
MR     .....                    (no amulet)
Stlth  ++........               (no ring)
                                (no ring)

@: not resistant to hostile enchantments, unstealthy
A: high mp 1, sustain attributes
a: no special abilities


You were on level 3 of the Dungeon.
You were hungry.

You visited 1 branch of the dungeon, and saw 3 of its levels.

You collected 111 gold pieces.

Inventory:

Hand Weapons
 e - a +0 dagger
 i - a +0 short sword (weapon)
Armour
 a - a +0 robe (worn)
Jewellery
 j - a cursed -3 ring of strength {unknown}
 l - an uncursed ring of protection from magic {unknown}
Scrolls
 d - 3 scrolls of recharging
 f - 2 scrolls of enchant weapon {unknown}
 h - 5 scrolls of identify
 n - a scroll of noise {unknown}
Potions
 g - a potion of magic {unknown}
 k - 2 potions of haste {unknown}
 m - a potion of heal wounds {unknown}
Books
 b - a book of Frost

   Spells                             Type                      Level
   a - Freeze                         Ice                          1
   b - Throw Frost                    Conjuration/Ice              2
   c - Ozocubu's Armour               Charms/Ice                   3
   d - Throw Icicle                   Conjuration/Ice              4
   e - Summon Ice Beast               Ice/Summoning                4
Comestibles
 c - 3 bread rations
 o - a slice of pizza


   Skills:
 + Level 0.3 Fighting
 + Level 2.2 Dodging
 + Level 1.8 Stealth
 + Level 2.4 Spellcasting
 + Level 0.8 Conjurations
 + Level 3.2 Ice Magic


You had 3 spell levels left.
You knew the following spells:

 Your Spells              Type           Power        Failure   Level  Hunger
a - Freeze                Ice            ###.         4%          1    None
b - Throw Frost           Conj/Ice       ##....       12%         2    ##.....


Dungeon Overview and Level Annotations

Branches:
Dungeon (3/15)

Annotations:
D:3 Robin, Sigmund


Innate Abilities, Weirdness & Mutations

You have an increased reservoir of magic (+10% MP).
Your attributes are resistant to harm.


Message History

You closely miss the goblin.
The goblin is moderately wounded.
Sigmund casts a spell.
Sigmund flickers and vanishes!
Deactivating autopickup; reactivate with Ctrl-A.
The goblin hits you.
* * * LOW HITPOINT WARNING * * *
The goblin barely misses you. The hobgoblin barely misses you.
The goblin moves out of view.
The goblin barely misses you. x2
The goblin completely misses you.
Robin roars a battlecry!
The goblin goes into a battle-frenzy!
Robin says, "Duck!"
The goblin misses you. Robin throws the goblin at you!
* * * LOW HITPOINT WARNING * * *
The goblin hits you with a club.
* * * LOW HITPOINT WARNING * * *
The goblin hits you.
You die...

......# ...... #....##......
#..#.g..#.... #.....#..#
##.#......# #.gr.g### #######
##gg##†..# ####.....#
#g.g####.# #........## #g@.#
#.# ##.##'##...###g#.# #.#
##......#.......()# #.# ##
....#...#.........# #.####..#
.#..#...##.#...#.### #.......#.
.#⌠.##+.#.⌠#..##...####........
.#.........#....##..#...###.#..
###.......##.##.###...### ..
..#)......#...#.# #####


You could see Robin, a quokka, 2 hobgoblins and 5 goblins.

Vanquished Creatures
  An adder (D:2)
  2 oozes
  A worm (D:2)
  A dart slug (D:2)
  A giant gecko (D:2)
  A bat (D:1)
  A giant cockroach (D:1)
  4 goblins
  2 jackals (D:1)
  4 kobolds
  A quokka (D:2)
  2 giant newts
  4 rats
25 creatures vanquished.

Notes
Turn   | Place    | Note
--------------------------------------------------------------
     0 | D:1      | Scotteh the Demigod Ice Elementalist began the quest for the Orb.
     0 | D:1      | Reached XP level 1. HP: 14/14 MP: 5/5
   367 | D:1      | Reached XP level 2. HP: 8/20 MP: 7/7
   371 | D:1      | Learned a level 2 spell: Throw Frost
   684 | D:2      | Found a sacrificial altar of Ru.
   935 | D:2      | Found a faded altar to an unknown god.
   943 | D:2      | Reached skill level 3 in Ice Magic
  1142 | D:2      | Reached XP level 3. HP: 16/26 MP: 0/9
  1485 | D:3      | Found a shattered altar of Ashenzari.
  1540 | D:3      | Noticed Sigmund
  1540 | D:3      | Noticed Robin
  1552 | D:3      | Slain by a goblin

Skill      XL: |  1  2 |
---------------+-------+-----
Dodging        | 2 |  2.2
Spellcasting   | 2 |  2.4
Ice Magic      | 3 |  3.2
Fighting       | |  0.3
Stealth        | |  1.8
Conjurations   | |  0.8

Action                   || total
-------------------------++-------
Melee: Dagger            ||     9
       Short sword       ||    50
 Cast: Freeze            ||    15
       Throw Frost       ||     8
  Use: Scroll            ||     1
 Stab: Sleeping          ||     2
  Eat: Beef jerky        ||     1
Armor: Robe              ||    14
Dodge: Dodged            ||    52
